AoeStats
← TheYolis

Arena

510242136Analyzed
4v4 RM · 3d ago on Sep 30, 2026· 90m 31s· 8 players
Game mode
Random Map
Map size
Large (8 player)
Population
200
Speed
Normal
Resources
Standard
Victory
Conquest
Starting age
Dark Age
Ending age
Imperial Age
RankedLock teamsTeams togetherTeam positionsShared explorationLock speedFull tech treeHidden civsTurbo modeCheats
Victory
Defeat
🇳🇮 Romans · Nicaragua
1167
+13
🇳🇮 Bohemians · Nicaragua
1093
+16
🇺🇸 Britons · United States
1069
+17
🇪🇨 Spanish · Ecuador
1046
+18
🇨🇴 Spanish · Colombia
1195
-19
🇺🇸 Khmer · United States
1147
-18
🇨🇴 Persians · Colombia
1087
-16
🇵🇪 Huns · Peru
970
-11
Ay! Cabron
10:56 Feudal Age
14:27 Castle Age
12:48 Double-Bit Axe
12:56 Gold Mining
13:00 Horse Collar
14:36 Fletching
27:09 Bow Saw
27:08 Loom
28:19 Wheelbarrow
30:34 Bodkin Arrow
35:07 Imperial Age
32:06 Pikeman
32:46 Squires
33:21 Forging
34:06 Scale Mail Armor
35:13 Iron Casting
36:03 Bracer
37:14 Chemistry
36:35 Ballistics
38:01 Blast Furnace
38:13 Conscription
37:50 Halberdier
39:32 Fortified Wall
39:47 Onager
40:40 Scale Mail Armor
42:53 Town Watch
44:36 Hand Cart
44:21 Town Patrol
45:34 Yeomen
52:24 Siege Engineers
54:08 Warwolf
62:22 Hoardings
69:26 Caravan
68:52 Elite Longbowman
69:58 Man-at-Arms
70:23 Gambesons
77:33 Padded Archer Armor
81:08 Elite Skirmisher
83:00 Leather Archer Armor
83:00 Chain Mail Armor
84:35 Two-Man Saw
Pato
11:32 Feudal Age
12:38 Loom
15:19 Castle Age
15:30 Castle Age
14:50 Double-Bit Axe
19:01 Wheelbarrow
18:19 Horse Collar
22:24 Heavy Plow
23:31 Bow Saw
24:20 Hand Cart
29:02 Imperial Age
27:40 Forging
28:16 Fortified Wall
28:04 Gold Mining
28:05 Stone Mining
28:23 Caravan
29:01 Iron Casting
29:07 Town Watch
29:47 Scale Barding Armor
29:48 Pikeman
30:24 Fletching
30:35 Scale Mail Armor
31:38 Blast Furnace
31:03 Town Patrol
32:10 Two-Man Saw
30:41 Pikeman
31:16 Gambesons
31:31 Squires
31:16 Arson
33:36 Bloodlines
33:26 Husbandry
33:49 Chain Barding Armor
33:32 Scale Mail Armor
32:54 Halberdier
34:19 Cavalier
34:48 Arson
35:49 Conscription
35:51 Supremacy
36:37 Chemistry
35:59 Ballistics
36:09 Paladin
38:17 Devotion
38:57 Stone Shaft Mining
41:53 Plate Barding Armor
41:14 Bodkin Arrow
42:32 Light Cavalry
43:38 Hussar
50:14 Chain Mail Armor
50:00 Bracer
76:32 Elite Conquistador
81:27 Plate Mail Armor
80:57 Padded Archer Armor
Naxzh Foster
9:58 Feudal Age
10:04 Man-at-Arms
11:08 Double-Bit Axe
11:30 Horse Collar
13:22 Scale Mail Armor
14:02 Forging
16:53 Loom
19:38 Castle Age
17:41 Fletching
19:57 Padded Archer Armor
19:52 Elite Skirmisher
20:29 Bodkin Arrow
23:00 Leather Archer Armor
23:27 Ballistics
24:33 Bow Saw
27:04 Long Swordsman
27:45 Squires
27:47 Scale Mail Armor
28:38 Heavy Plow
29:31 Pikeman
30:48 Iron Casting
31:12 Wheelbarrow
34:12 Hand Cart
35:05 Chain Mail Armor
35:06 Gold Mining
41:27 Imperial Age
40:21 Stone Mining
41:08 Gold Shaft Mining
50:17 Blast Furnace
48:40 Halberdier
56:13 Ring Archer Armor
56:15 Crop Rotation
56:32 Conscription
56:40 Comitatenses
57:14 Town Watch
58:16 Town Patrol
58:36 Caravan
59:07 Coinage
59:05 Scale Barding Armor
59:53 Legionary
61:21 Capped Ram
62:45 Siege Ram
69:53 Chemistry
71:36 Chain Barding Armor
76:15 Murder Holes
76:10 Guard Tower
76:31 Siege Engineers
78:48 Keep
85:35 Fortified Wall
85:37 Masonry
90:52 Guilds
91:12 Banking
El tío Furcio!
8:10 Loom
10:30 Feudal Age
16:10 Castle Age
14:32 Double-Bit Axe
15:05 Horse Collar
24:19 Heavy Plow
26:40 Bow Saw
32:11 Imperial Age
31:05 Ballistics
33:46 Wheelbarrow
34:38 Scale Mail Armor
34:49 Forging
35:27 Conscription
35:59 Hand Cart
35:43 Pikeman
36:23 Squires
36:08 Arson
36:40 Chain Mail Armor
37:01 Iron Casting
37:37 Halberdier
39:19 Plate Mail Armor
41:21 Blast Furnace
42:07 Elite Hussite Wagon
44:15 Two-Man Saw
44:23 Chemistry
43:29 Siege Engineers
46:15 Fletching
46:26 Padded Archer Armor
60:02 Town Watch
60:13 Bodkin Arrow
61:09 Caravan
65:19 Town Patrol
68:20 Heavy Scorpion
68:59 Light Cavalry
69:39 Husbandry
71:51 Scale Barding Armor
72:02 Leather Archer Armor
71:47 Bracer
73:29 Elite Skirmisher
77:43 Houfnice
79:29 Ring Archer Armor
79:21 Chain Barding Armor
86:27 Hussite Reforms
86:27 Wagenburg Tactics
TheYolis
0:49 Loom
11:52 Feudal Age
16:50 Castle Age
15:10 Double-Bit Axe
15:13 Horse Collar
18:29 Wheelbarrow
18:33 Gold Mining
21:48 Ballistics
26:25 Gold Shaft Mining
28:22 Bow Saw
28:14 Heavy Plow
32:18 Imperial Age
29:59 Town Watch
30:39 Stone Mining
31:24 Hand Cart
32:26 Heavy Scorpion
33:43 Crop Rotation
34:21 Chemistry
35:16 Siege Engineers
36:01 Stone Shaft Mining
35:44 Double Crossbow
36:06 Conscription
35:16 Light Cavalry
36:07 Bloodlines
35:58 Husbandry
37:37 Hussar
38:54 Scale Barding Armor
39:00 Forging
49:59 Iron Casting
49:45 Chain Barding Armor
53:00 Capped Ram
56:32 Caravan
56:54 Siege Ram
60:31 Fortified Wall
64:00 Town Patrol
65:07 Blast Furnace
64:42 Plate Barding Armor
69:59 Masonry
CVPE | Monje del SENA
11:32 Feudal Age
15:23 Castle Age
18:56 Double-Bit Axe
18:59 Horse Collar
22:59 Gold Mining
23:24 Heavy Plow
23:37 Bow Saw
25:24 Wheelbarrow
29:05 Imperial Age
28:03 Gold Shaft Mining
27:18 Stone Mining
27:37 Scale Barding Armor
27:42 Forging
28:39 Chain Barding Armor
28:30 Husbandry
28:41 Bloodlines
29:07 Hand Cart
28:48 Cavalier
31:27 Savar
35:21 Chemistry
35:11 Plate Barding Armor
35:11 Iron Casting
35:30 Conscription
34:40 Light Cavalry
37:07 Caravan
42:06 Blast Furnace
46:25 Kamandaran
54:12 Hussar
56:20 Citadels
55:31 Elite War Elephant
57:21 Heavy Camel Rider
58:23 Crossbowman
59:08 Thumb Ring
60:38 Padded Archer Armor
60:29 Fletching
69:10 Elite Skirmisher
73:38 Scale Mail Armor
74:17 Squires
79:43 Pikeman
83:43 Chain Mail Armor
83:44 Leather Archer Armor
83:42 Bodkin Arrow
85:06 Arson
YouTube.com/@CascosWow
7:09 Loom
9:33 Feudal Age
14:17 Castle Age
15:14 Double-Bit Axe
18:52 Fervor
19:56 Gold Mining
22:39 Sanctity
23:51 Padded Archer Armor
29:12 Imperial Age
26:31 Horse Collar
28:01 Wheelbarrow
27:32 Heavy Plow
28:47 Bow Saw
32:52 Leather Archer Armor
36:02 Hand Cart
36:25 Redemption
39:11 Onager
44:11 Two-Man Saw
43:02 Stone Mining
45:38 Block Printing
47:17 Chemistry
49:29 Inquisition
54:41 Supremacy
54:41 Conscription
54:00 Light Cavalry
54:41 Husbandry
55:46 Ballistics
55:57 Ring Archer Armor
55:18 Fletching
56:19 Stone Shaft Mining
56:10 Thumb Ring
57:21 Bodkin Arrow
57:54 Guilds
67:16 Light Cavalry
68:06 Bloodlines
67:57 Husbandry
67:58 Bracer
70:07 Scale Barding Armor
70:13 Forging
72:32 Chain Barding Armor
72:48 Iron Casting
76:16 Town Watch
77:33 Blast Furnace
77:09 Plate Barding Armor
77:45 Masonry
77:05 Hussar
77:36 Pikeman
78:16 Squires
78:02 Gambesons
78:02 Arson
78:19 Scale Mail Armor
78:38 Town Patrol
79:01 Elite Skirmisher
79:07 Halberdier
80:07 Murder Holes
80:44 Architecture
80:51 Caravan
81:26 Chain Mail Armor
Alichok (Rexxar)
9:48 Feudal Age
11:06 Wheelbarrow
10:20 Double-Bit Axe
11:38 Arson
19:57 Castle Age
19:46 Scale Barding Armor
19:33 Gold Mining
20:13 Bloodlines
20:30 Loom
21:12 Forging
21:49 Gold Shaft Mining
21:04 Stone Mining
22:05 Bow Saw
24:32 Horse Collar
27:44 Heavy Plow
33:48 Imperial Age
32:12 Chain Barding Armor
32:36 Husbandry
34:36 Cavalier
36:49 Plate Barding Armor
37:14 Squires
40:16 Conscription
45:39 Iron Casting
45:33 Light Cavalry
48:28 Blast Furnace
50:36 Hand Cart
53:36 Paladin
56:59 Marauders
63:22 Two-Man Saw
68:22 Parthian Tactics
68:55 Fletching
69:06 Padded Archer Armor
76:19 Ballistics
77:00 Chemistry
77:33 Bodkin Arrow
77:54 Leather Archer Armor
80:06 Capped Ram
86:09 Thumb Ring
Connection lost

Rejoining the realm…

Still unreachable

The connection could not be restored.

Session expired

The server has moved on; the page needs a fresh start.